 Dungeon Crawl Stone Soup version 0.31-a0-810-ga77100ea1a (webtiles) character file.

Game seed: 6071392310437901903

186 lunkers the Cutter (level 6, -2/48 HPs)
             Began as a Meteoran Wanderer on Sept 21, 2023.
             Slain by an ogre
             ... wielding a +0 giant club
              (24 damage)
             ... on level 6 of the Dungeon.
             The game lasted 00:04:36 (1126 turns).

lunkers the Cutter (Meteoran Wanderer)              Turns: 1126, Time: 00:04:37

Health: -2/48      AC:  6    Str: 18    XL:     6   Next: 19%
Magic:  7/7        EV:  9    Int: 10    God:
Gold:   134        SH:  0    Dex: 15    Spells: 5/5 levels left

rFire   . . .        b - +2 dagger (venom)
rCold   . . .        (no shield)
rNeg    . . .        d - +0 scale mail
rPois   .            (no helmet)
rElec   .            (no cloak)
rCorr   .            (no gloves)
SInv    .            (no boots)
Will    .....        (no amulet) Stlth
                     (no ring)
HPRegen 0.28/turn    (no ring)
MPRegen 0.10/turn

%: no passive effects
@: glowing
A: sense surroundings 1, otherworldly, glowing, explore regen
a: no special abilities


You were on level 6 of the Dungeon.
You visited 1 branch of the dungeon, and saw 4 of its levels.

You collected 134 gold pieces.

Inventory:

Hand Weapons
 a - a +2 dagger
 b - a +2 dagger of venom (weapon)
 c - a +0 spear
Missiles
 g - 9 poisoned darts
 o - 3 curare-tipped darts
Armour
 d - a +0 scale mail (worn)
Scrolls
 e - a scroll of blinking
 h - 2 scrolls of identify {unknown}
 i - a scroll of poison {unknown}
 j - a scroll of revelation {unknown}
 k - a scroll of enchant weapon {unknown}
 n - a scroll of amnesia {unknown}
Potions
 f - a potion of lignification {unknown}
 l - 3 potions of magic {unknown}
 m - a potion of cancellation {unknown}


   Skills:
 - Level 2.1 Fighting
 + Level 5.7 Short Blades
 - Level 2.4 Polearms
 - Level 3.6 Throwing
 - Level 3.2 Armour


You had 5 spell levels left.
You didn't know any spells.
Your spell library was empty.

Dungeon Overview and Level Annotations

Branches:
Dungeon (3/15) Zot: 1302

Altars:
Xom

Shops:
D:2 [


Innate Abilities, Weirdness & Mutations

You passively map a small area around you.
You are easily found by Zot.
You glow in the dark.
You regain HP and MP as you explore.


Message History

You have reached level 5!
You hit the howler monkey.
The howler monkey is poisoned.
The howler monkey is moderately wounded.
You barely miss the howler monkey.
The howler monkey is moderately wounded.
The howler monkey closely misses you.
You hit the howler monkey.
The howler monkey looks as sick as possible!
The howler monkey is heavily wounded.
The howler monkey hits you but does no damage.
You hit the howler monkey but do no damage.
The howler monkey is heavily wounded.
The howler monkey hits you but does no damage.
You hit the howler monkey.
The howler monkey looks as sick as possible!
The howler monkey is severely wounded.
The howler monkey hits you but does no damage.
You hit the howler monkey.
The howler monkey looks as sick as possible!
The howler monkey is almost dead.
The howler monkey closely misses you.
You hit the howler monkey.
The howler monkey looks as sick as possible!
The howler monkey is almost dead.
The howler monkey hits you.
You hit the howler monkey.
You kill the howler monkey!
An ogre comes into view. It is wielding a +0 giant club.
You have reached level 6!
You feel clever.
The ogre shouts!
You see here 10 gold pieces.
You barely miss the ogre. The ogre hits you with a +0 giant club!
* * * LOW HITPOINT WARNING * * *
You hit the ogre but do no damage.
The ogre is poisoned.
You barely miss the ogre.
The ogre is lightly wounded.
The ogre hits you with a +0 giant club!!
Ouch! That really hurt!
You die...

* ...........#.#.#.....
,...........#.........*
* ................#....
............?........
..................... ,
, ,..............#.#.##.
, ................#.#
...............##.#
.......@..........#...
,.......O.#####......# ,
.......#..# #...#.#..[
,.......##$###.......##*
*
,,.....###...†......###
....#* #...)...##>.#
##.# #.......# #.# #. *
#.......# ..# #,
.........# .#


You could see an ogre (very poisoned).

Vanquished Creatures
  An ogre (D:6)
  A howler monkey (D:6)
  2 adders (D:2)
  A gnoll (D:1)
  2 dart slugs
  3 bats
  2 endoplasms
  3 hobgoblins
  2 jackals (D:2)
  5 kobolds
  4 quokkas
  2 ball pythons (D:2)
  A frilled lizard (D:2)
  4 rats
33 creatures vanquished.

Notes
Turn   | Place    | Note
-------+----------+-------------------------------------------
     0 | D:1      | lunkers the Meteoran Wanderer began the quest for the Orb.
     0 | D:1      | lunkers set off with the following items: a +2 dagger, 3
                  | curare-tipped darts, a +0 spear, a +0 scale mail, a scroll
                  | of blinking.
     0 | D:1      | Reached XP level 1. HP: 17/17 MP: 2/2
    27 | D:1      | Reached skill level 1 in Short Blades
    28 | D:1      | Reached XP level 2. HP: 14/24 MP: 3/3
   146 | D:1      | Reached skill level 2 in Short Blades
   146 | D:1      | Reached XP level 3. HP: 8/29 MP: 4/4
   293 | D:1      | Found a faded altar of an unknown god.
   388 | D:2      | Reached skill level 3 in Short Blades
   424 | D:2      | Reached XP level 4. HP: 33/36 MP: 5/5
   548 | D:2      | Found Pelitt's Antique Armour Shop.
   606 | D:2      | Found a shimmering altar of Xom.
  1071 | D:3      | Reached skill level 4 in Short Blades
  1079 | D:3      | You fall into a shaft and drop 3 floors!
  1085 | D:6      | Noticed an ogre
  1109 | D:6      | Killed an ogre
  1110 | D:6      | Reached skill level 5 in Short Blades
  1110 | D:6      | Reached XP level 5. HP: 29/41 MP: 6/6
  1117 | D:6      | Noticed an ogre
  1118 | D:6      | Reached XP level 6. HP: 32/48 MP: 7/7
  1126 | D:6      | Slain by an ogre

Illustrated notes

Levels and vault maps discovered:
D:1:      grunt_arrival_lava_bath, layout_basic, basic_ecumenical_altar
D:2:      layout_loops_ring, basic_altar, serial_shops, shop
D:3:      layout_rooms, saegor_snake_ambush
D:6:      layout_rooms, uniq_pikel

Skill      XL: |  1  2  3  4 |
---------------+-------------+-----
Short Blades   | 1 2 3 5 |  5.7
Fighting       | |  2.1
Polearms       | |  2.4
Throwing       | |  3.6
Armour         | |  3.2

Action                     |  1- 3 |  4- 6 || total
---------------------------+-------+-------++-------
  Melee: Dagger            |    83 |    81 ||   164
         Punch             |     1 |       ||     1
    Use: Scroll            |     1 |       ||     1
 Armour: Scale mail        |    51 |    44 ||    95
  Dodge: Dodged            |    28 |    35 ||    63

Table legend: (Time is in decaauts)
 A = Elapsed time spent in this place.
 B = Non-inter-level travel time spent in this place.
 C = Inter-level travel time spent in this place.
 D = Time resting spent in this place.
 E = Time spent auto-exploring this place.
 F = Levels seen in this place.
 G = Mean time per level.
                   A        B        C        D        E       F      G
               +--------+--------+--------+--------+--------+-----+--------+
         Total |   1096 |   1039 |     57 |      0 |    750 |   4 |  274.0 |
       Dungeon |   1096 |   1039 |     57 |      0 |    750 |   4 |  274.0 |
               +--------+--------+--------+--------+--------+-----+--------+

Top non-repeatable levels by time:
     D:2: 665 daAuts
     D:1: 368 daAuts
     D:6: 42 daAuts
     D:3: 20 daAuts
